 Dungeon Crawl Stone Soup version 0.31-a0-836-g3ceb0a68c4 (webtiles) character file.

Game seed: 11330906133605780508

1873 LeprechaunX the Changeling (level 9, -9/59 HPs)
             Began as an Octopode Shapeshifter on Sept 26, 2023.
             Was an Initiate of Hepliaklqana.
             Mangled by a gnoll sergeant
             ... wielding a +1 vampiric trident
              (16 damage)
             ... on level 6 of the Dungeon.
             The game lasted 00:08:17 (5104 turns).

LeprechaunX the Changeling (Octopode Shapeshifter)  Turns: 5104, Time: 00:08:17

Health: -9/59      AC:  1    Str: 17    XL:     9   Next: 14%
Magic:  9/9        EV: 14    Int: 12    God:    Hepliaklqana [......]
Gold:   252        SH:  0    Dex: 12    Spells: 8/8 levels left

rFire   + . .        a - +0 sling
rCold   x . .        (no shield)
rNeg    + . .        (helmet currently unavailable)
rPois   .            (no amulet)
rElec   .            d - ring of positive energy
rCorr   .            j - ring of flight
SInv    .            h - ring of fire
Will    .....        (no ring)
Stlth   ++           (no ring)
HPRegen 0.29/turn    (no ring)
MPRegen 0.11/turn    (no ring)
                     (no ring)

%: no passive effects
@: beast-form, flying
A: beast (slay +3), almost no armour, amphibious, 8 rings, camouflage 1,
gelatinous body 1, (nimble swimmer 1), tentacles
a: Begin Untransformation, Renounce Religion


You were on level 6 of the Dungeon.
You worshipped Hepliaklqana.
Hepliaklqana was noncommittal.
You were a hulking beast.
You visited 2 branches of the dungeon, and saw 7 of its levels.

You collected 252 gold pieces.

Inventory:

Hand Weapons
 a - a +0 sling (weapon)
 E - a +0 shortbow
Missiles
 g - 5 javelins
Jewellery
 d - a ring of positive energy (left tentacle)
 h - a ring of fire (on tentacle)
 j - a ring of flight (right tentacle)
Talismans
 b - a beast talisman (active)
 c - a flux talisman
 r - a maw talisman
Wands
 l - a wand of charming (15)
 x - a wand of flame (34)
 D - a wand of roots (3)
Scrolls
 e - 2 scrolls of amnesia {unknown}
 f - 7 scrolls of identify {unknown}
 n - a scroll of poison {unknown}
 p - a scroll of vulnerability {unknown}
 q - a scroll of teleportation {unknown}
 s - a scroll of fog {unknown}
 u - 3 scrolls of immolation {unknown}
 v - a scroll of blinking {unknown}
 y - a scroll of revelation {unknown}
 A - a scroll of butterflies {unknown}
 C - a scroll of torment {unknown}
Potions
 i - a potion of degeneration {unknown}
 k - a potion of might {unknown}
 m - 4 potions of mutation {unknown}
 o - a potion of ambrosia {unknown}
 t - 2 potions of haste {unknown}
 w - a potion of brilliance {unknown}
 z - a potion of curing {unknown}
 B - 2 potions of attraction {unknown}


   Skills:
 + Level 4.7 Fighting
 - Level 3.0 Ranged Weapons
 + Level 5.1 Dodging
 + Level 5.5 Unarmed Combat
 - Level 3.0 Evocations
 * Level 6.9 Shapeshifting


You had 8 spell levels left.
You didn't know any spells.
Your spell library contained the following spells:

 Spells                   Type           Power      Damage    Failure   Level
 Blink                    Tloc           0%         N/A       45%         2
 Cigotuvi's Dreadful Rot  Necr/Pois/Air  0%         N/A       45%         2
 Lesser Beckoning         Tloc           0%         N/A       45%         2
 Gell's Gravitas          Tloc           0%         N/A       69%         3
 Teleport Other           Tloc           0%         N/A       69%         3
 Dispel Undead            Necr           0%         3d6       97%         4
 Manifold Assault         Tloc           0%         N/A       97%         4
 Death Channel            Necr           0%         N/A       100%        6


Dungeon Overview and Level Annotations

Branches:
Dungeon (6/15)             Temple (1/1) D:6

Altars:
Elyvilon
Gozag
Hepliaklqana
Kikubaaqudgha
Nemelex Xobeh
Okawaru
Qazlal
Ru
Uskayaw
Vehumet
Xom
Yredelemnul
Zin
The Shining One

Annotations:
D:6 Edmund


Innate Abilities, Weirdness & Mutations

You are a hulking beast.
Your limbs bulge with bestial killing power. (Slay +3)
You cannot wear most types of armour.
You are amphibious.
You can wear up to eight rings at the same time.
Your skin changes colour to match your surroundings (Stealth+).
Your rubbery body absorbs attacks. (AC +1, EV +1)
((You are camouflaged when in or above water. (Stealth+)))
You have tentacles for arms and can constrict up to eight enemies at once.


Message History

Fire: a) +0 sling
Press: ? - help, Q - select action, (/) - cycle Shift-Dir - straight line, f/p - gnoll sergeant
Aim: a gnoll sergeant, wielding a +1 vampiric trident, wearing a +0 ring mail and wearing a +0 kite shield (moderately wounded, 73% to hit)
You shoot a sling bullet.
The sling bullet closely misses the gnoll sergeant.
Fire: a) +0 sling
Press: ? - help, Q - select action, (/) - cycle Shift-Dir - straight line, f/p - gnoll sergeant
Aim: a gnoll sergeant, wielding a +1 vampiric trident, wearing a +0 ring mail and wearing a +0 kite shield (moderately wounded, 73% to hit)
You shoot a sling bullet.
The gnoll sergeant blocks the sling bullet.
Fire: a) +0 sling
Press: ? - help, Q - select action, (/) - cycle Shift-Dir - straight line, f/p - gnoll sergeant
Aim: a gnoll sergeant, wielding a +1 vampiric trident, wearing a +0 ring mail and wearing a +0 kite shield (moderately wounded, 73% to hit)
You shoot a sling bullet.
The sling bullet hits the gnoll sergeant but does no damage.
The gnoll sergeant is moderately wounded.
The gnoll sergeant attacks as it pursues you!
The gnoll sergeant hits you from afar with a +1 vampiric trident!
* * * LOW HITPOINT WARNING * * *
The gnoll sergeant draws strength from your wounds!
The gnoll sergeant attacks as it pursues you!
The gnoll sergeant completely misses you.
The gnoll sergeant attacks as it pursues you!
The gnoll sergeant hits you from afar with a +1 vampiric trident.
* * * LOW HITPOINT WARNING * * *
The gnoll sergeant hits you with a +1 vampiric trident!
* * * LOW HITPOINT WARNING * * *
The gnoll sergeant draws strength from your wounds!
You shoot a sling bullet.
The gnoll sergeant blocks the sling bullet.
The gnoll sergeant misses you.
You shoot a sling bullet.
The sling bullet hits the gnoll sergeant but does no damage.
The gnoll sergeant barely misses you.
Unknown command.
You shoot a sling bullet.
The sling bullet hits the gnoll sergeant!
The gnoll sergeant is moderately wounded.
The gnoll sergeant hits you with a +1 vampiric trident!
You die...

.............#
......######.##
.#.#### #..# .#.#
##.# .... #.# ...
#.# .. ####.####
#.......#
#.#####h# #.# #g#
#.# #.# #### #.#
#.# ##.##
#.#####g# #.#.####
#.......#
.###...#####.#####
..#...~..†...#
##.#g.~#######


You could see a gnoll sergeant and a gnoll.

Vanquished Creatures
  Prince Ribbit (D:6)
  Grinder (D:5)
  Sigmund (D:4)
  Menkaure (D:5)
  Duvessa (D:5)
  An ice beast (D:5)
  A sky beast (D:6)
  A centaur (D:6)
  Blork the orc (D:5)
  A bullfrog (D:6)
  2 scorpions
  Dowan (D:5)
  2 howler monkeys
  A jelly (D:5)
  2 hounds
  An orc priest (D:4)
  3 sleepcaps
  2 iguanas
  3 gnolls (D:4)
  9 adders
  A white imp (D:5)
  7 dart slugs
  8 orcs
  7 ball pythons
  6 endoplasms
  5 giant cockroaches
  7 goblins
  7 hobgoblins
  7 jackals
  6 kobolds
  2 quokkas
  7 bats
  2 frilled lizards
  5 rats
113 creatures vanquished.

Notes
Turn   | Place    | Note
-------+----------+-------------------------------------------
     0 | D:1      | LeprechaunX the Octopode Shapeshifter began the quest for
                  | the Orb.
     0 | D:1      | Reached XP level 1. HP: 13/13 MP: 1/1
   156 | D:1      | Reached XP level 2. HP: 16/18 MP: 2/2
   415 | D:1      | Reached XP level 3. HP: 19/23 MP: 3/3
   978 | D:2      | Reached XP level 4. HP: 23/29 MP: 4/4
  1436 | D:2      | You fall into a shaft and drop 1 floor!
  1912 | D:3      | Reached skill level 4 in Shapeshifting
  1912 | D:3      | Reached XP level 5. HP: 34/34 MP: 5/5
  2337 | D:4      | Reached skill level 1 in Evocations
  2412 | D:4      | Noticed Sigmund
  2420 | D:4      | Killed Sigmund
  2421 | D:4      | Reached XP level 6. HP: 18/41 MP: 6/6
  3026 | D:4      | Reached XP level 7. HP: 33/46 MP: 7/7
  3205 | D:5      | Entered Level 5 of the Dungeon
  3298 | D:5      | Noticed Grinder
  3304 | D:5      | Killed Grinder
  3305 | D:5      | Reached skill level 5 in Shapeshifting
  3306 | D:5      | Noticed Menkaure
  3322 | D:5      | Reached skill level 1 in Ranged Weapons
  3517 | D:5      | Reached XP level 8. HP: 8/53 MP: 8/8
  3774 | D:5      | Killed Menkaure
  3800 | D:5      | Found a basalt altar of Yredelemnul.
  3917 | D:5      | Noticed Blork the orc
  3923 | D:5      | Killed Blork the orc
  4142 | D:5      | Noticed Dowan
  4144 | D:5      | Noticed Duvessa
  4157 | D:5      | Killed Duvessa
  4158 | D:5      | Reached skill level 6 in Shapeshifting
  4175 | D:5      | Killed Dowan
  4370 | D:5      | Reached skill level 5 in Unarmed Combat
  4479 | D:6      | Noticed Prince Ribbit
  4583 | D:6      | Killed Prince Ribbit
  4689 | D:6      | Found a staircase to the Ecumenical Temple.
  4734 | D:6      | Noticed Edmund
  4773 | Temple   | Entered the Ecumenical Temple
  4778 | Temple   | Became a worshipper of Hepliaklqana the Forgotten
  4958 | D:6      | Reached XP level 9. HP: 59/59 MP: 9/9
  5023 | D:6      | Reached skill level 5 in Dodging
  5104 | D:6      | Mangled by a gnoll sergeant

Illustrated notes

Levels and vault maps discovered:
D:1:      wheals_arrival_linesprint, layout_loops_ring
D:2:      layout_loops_cross, minmay_misc_feat_nine_boxes
D:3:      layout_rooms
D:4:      layout_loops_ring, uniq_sigmund
D:5:      layout_loops_ring, kennysheep_little_box, kennysheep_generic_room_10,
          uniq_duvessa, uniq_blork_the_orc, uniq_grinder, uniq_menkaure
D:6:      layout_loops_cross, temple_doors_cd, hangedman_abyss_or_decor_stabs,
          serial_park_tiny_2, minmay_splitting_lines, uniq_maggie, uniq_edmund,
          uniq_prince_ribbit1
Temple:   nicolae_temple_ecumenical_triangle

Skill      XL: |  1  2  3  4  5  6  7  8  9 |
---------------+----------------------------+-----
Fighting       | 2 3 4 |  4.7
Shapeshifting  | 4 5 6 |  6.9
Dodging        | 3 4 5 |  5.1
Evocations     | 1 2 3 |  3.0
Unarmed Combat | 4 5 |  5.5
Ranged Weapons | 1 3 |  3.0

Action                     |  1- 3 |  4- 6 |  7- 9 || total
---------------------------+-------+-------+-------++-------
  Melee: Unarmed           |    60 |   109 |   100 ||   269
         Constrict         |    11 |    31 |    23 ||    65
         Tentacles         |     7 |    15 |    25 ||    47
         Punch             |       |     4 |     5 ||     9
   Fire: Sling             |       |     1 |    29 ||    30
  Throw: Javelin           |       |       |     8 ||     8
    Use: Potion            |       |       |     1 ||     1
   Stab: Sleeping          |     6 |     5 |     5 ||    16
 Armour: Skin              |    19 |    59 |    53 ||   131
  Dodge: Dodged            |    25 |    76 |    65 ||   166

Table legend: (Time is in decaauts)
 A = Elapsed time spent in this place.
 B = Non-inter-level travel time spent in this place.
 C = Inter-level travel time spent in this place.
 D = Time resting spent in this place.
 E = Time spent auto-exploring this place.
 F = Levels seen in this place.
 G = Mean time per level.
                   A        B        C        D        E       F      G
               +--------+--------+--------+--------+--------+-----+--------+
         Total |   5087 |   4776 |    311 |    316 |   3586 |   7 |  726.7 |
       Dungeon |   5068 |   4773 |    295 |    316 |   3586 |   6 |  844.7 |
        Temple |     18 |      2 |     16 |      0 |      0 |   1 |   18.0 |
               +--------+--------+--------+--------+--------+-----+--------+

Top non-repeatable levels by time:
     D:5: 1379 daAuts
     D:4: 899 daAuts
     D:1: 884 daAuts
     D:2: 823 daAuts
     D:3: 584 daAuts
     D:6: 496 daAuts
  Temple: 18 daAuts
